 Dungeon Crawl Stone Soup version 0.26.1-11-gd32895ea62 (webtiles) character file.

Game seed: 15742791103452733065

46 kodamatunes15 the Ruffian (level 3, 0/30 HPs)
             Began as a Ghoul Gladiator on May 3, 2021.
             Slain by a jackal (1 damage)
             ... on level 2 of the Dungeon.
             The game lasted 00:09:19 (1617 turns).

kodamatunes15 the Ruffian (Ghoul Gladiator)         Turns: 1617, Time: 00:09:20

Health: 0/30       AC: 10    Str: 17    XL:     3   Next: 66%
Magic:  2/2        EV:  7    Int:  4    God:
Gold:   32         SH:  0    Dex: 10    Spells: 2/2 levels left

rFire    . . .     SeeInvis .   d - +0 short sword
rCold    + . .     Faith    .   (no shield)
rNeg     + + +     Spirit   .   k - +0 chain mail
rPois    ∞         Reflect  .   b - +1 helmet
rElec    .         Harm     .   (no cloak)
rCorr    .         Rampage  .   (no gloves)
Will     .....                  (no boots)
Stlth    ..........             (no amulet)
HPRegen  0.00/turn              (no ring)
MPRegen  0.08/turn              (no ring)

@: no status effects
A: claws 1, cold resistance 1, negative energy resistance 3, inhibited
regeneration, torment resistance, unbreathing
a: no special abilities


You were on level 2 of the Dungeon.
You visited 1 branch of the dungeon, and saw 2 of its levels.

You collected 32 gold pieces.

Inventory:

Hand Weapons
 d - a +0 short sword (weapon)
 m - a +3 dagger of venom
Missiles
 c - 3 throwing nets (quivered)
 h - 59 stones
Armour
 b - a +1 helmet (worn)
 k - a +0 chain mail (worn)
Jewellery
 a - a cursed amulet of inaccuracy {unknown}
Potions
 e - a potion of magic
 f - a potion of heal wounds {unknown}
 g - a potion of ambrosia {unknown}
 i - a potion of attraction {unknown}
 l - a potion of mutation {unknown}


   Skills:
 + Level 2.4 Fighting
 + Level 1.2 Short Blades
 + Level 1.8 Throwing
 + Level 0.5 Armour
 + Level 3.1 Dodging
 + Level 3.7 Unarmed Combat


You had 2 spell levels left.
You didn't know any spells.
Your spell library was empty.

Dungeon Overview and Level Annotations

Branches:
Dungeon (2/15)

Altars:


Innate Abilities, Weirdness & Mutations

You thrive by killing the living.
You are immune to poison.
You have sharp fingernails.
Your flesh is cold resistant. (rC+)
You are immune to negative energy. (rN+++)
You do not regenerate when monsters are visible.
You are immune to unholy pain and torment.
You can survive without breathing.


Message History

The gnoll hits you from afar with a +0 halberd.
You closely miss the gnoll.
The gnoll is heavily wounded.
The jackal barely misses you.
The jackal bites you but does no damage. x2
The kobold hits you with a +0 short sword.
* * * LOW HITPOINT WARNING * * *
The gnoll hits you with a cursed -2 club.
* * * LOW HITPOINT WARNING * * *
The gnoll closely misses you.
The jackal bites you but does no damage.
The gnoll hits you from afar with a +2 spear of pain.
* * * LOW HITPOINT WARNING * * *
The jackal barely misses you. The jackal closely misses you.
The jackal bites you.
* * * LOW HITPOINT WARNING * * *
The jackal bites you but does no damage.
The jackal bites you.
You die...

. #.
...#+######
..........#
..........# .#
.. #.@..####.#
#.#hhKg#....#
#..hhg..##.#
#.##gg.#...#
#...(....#.#
####.#...###.#
#.#..(....#
#....(###.#
#.#...)......


You could see 4 gnolls, 4 jackals and a kobold.

Vanquished Creatures
  An adder (D:2)
  A dart slug (D:1)
  A leopard gecko (D:1)
  A ball python (D:1)
  3 bats
  2 giant cockroaches (D:1)
  A goblin (D:2)
  4 hobgoblins
  7 jackals (D:1)
  3 kobolds (D:1)
  4 rats (D:1)
28 creatures vanquished.

Notes
Turn   | Place    | Note
-------+----------+-------------------------------------------
     0 | D:1      | kodamatunes15 the Ghoul Gladiator began the quest for the
                  | Orb.
     0 | D:1      | Reached XP level 1. HP: 17/17 MP: 0/0
   281 | D:1      | Reached XP level 2. HP: 19/24 MP: 1/1
   725 | D:1      | Reached XP level 3. HP: 28/30 MP: 2/2
  1490 | D:2      | Reached skill level 1 in Short Blades
  1617 | D:2      | HP: 1/30 [jackal (1)]
  1617 | D:2      | Slain by a jackal

Illustrated notes

Levels and vault maps discovered:
D:1:      dpeg_arrival_simpleton_c, layout_basic, minmay_indecisive_spiral
D:2:      layout_basic, kennysheep_boxes

Skill      XL: |  1  2  3 |
---------------+----------+-----
Dodging        | 3 |  3.1
Short Blades   | 1 |  1.2
Fighting       | |  2.4
Throwing       | |  1.8
Armour         | |  0.5
Unarmed Combat | |  3.7

Action                   || total
-------------------------++-------
Melee: Short sword       ||   111
       Unarmed           ||    12
       Punch             ||     1
  Use: Scroll            ||     4
Armor: Leather armour    ||     6
       Chain mail        ||    76
Dodge: Dodged            ||    76
